cohdb
Replays
Latest Replays
All Replays
Popular Replays
Top Player Replays
Match Explorer
How It Works
Community
CoH3 Stats
Reddit
Sign in to upload your games and track your stats! →
Sign in with Steam
Match 38268376
Unlisted
Match 38268376
Overview
Messages
Build Orders
End
Construct Barracks
Riflemen Squad
M1 Mortar Team
M1 Mortar Team
Riflemen Squad
Construct Medical Station
Infantry Support Center
Selects Advanced Infantry Battlegroup
Advanced Logistics
Selects Convert to Ranger Squad
Convert to Ranger Squad
Convert to Ranger Squad
Ranger Squad
Engineer Squad
Selects Ammunition Storage
Construct Tank Depot
Selects M2A1 105mm Howitzer Emplacement
M18 Hellcat Tank Destroyer
Меткић'94
kingweef
Gollum
Thib_Soldier
AltoLivello ITA
mfluder
Von Strachwitz
Mael Radec
0
0
Comments
sign in to comment!
No comments posted yet!